 Dungeon Crawl Stone Soup version 0.32-a0-876-gcfddb08e57 (webtiles) character file.

Game seed: 594848027004541683

18011041 gameguard the Rhythm of Life and Death (level 27, 249/249 HPs)
             Began as a Demonspawn Fighter on Mar 30, 2024.
             Was a Follower of Uskayaw.
             Escaped with the Orb
             ... and 15 runes
             ... and 2 gems on Mar 31, 2024!
             The game lasted 05:45:13 (86719 turns).

gameguard the Rhythm of Life and Death (DsFi)      Turns: 86719, Time: 05:45:13

Health: 249/249    AC: 39    Str: 17    XL:     27
Magic:  49/49      EV: 28    Int: 22    God:    Uskayaw [*.....]
Gold:   4355       SH: 21    Dex: 21    Spells: 5/44 levels left

rFire   + + +        a - +9 demon blade (heavy)
rCold   + . .        c - +5 kite shield {AC+3}
rNeg    + + +        j - +8 fire dragon scales
rPois   ∞            x - +2 helmet {SInv}
rElec   +            (cloak unavailable)
rCorr   +            s - +0 pair of fencer's gloves {Riposte Dex+3}
SInv    +            M - +2 pair of boots {Fly}
Will    ++++.        S - amulet of Bisy {+Blink Will+ Regen+ rCorr Int+3 Dex-4}
Stlth   ++           o - ring "Yghuhitu" {rElec rF+ SInv}
HPRegen 1.41/turn    V - ring "Giag" {rC+ MP+9 Int+6}
MPRegen 0.31/turn

%: no passive effects
@: death-form, flying, wreathed by umbra, studying 3 skills
A: vile attack, torment immunity, no potions, slimy green scales 3, powered by
death 3, corrupting presence 2, word of chaos, weakness stinger 3, foul shadow
3, fire resistance 1, sturdy frame 3
0: Orb of Zot
}: 15/15 runes: serpentine, barnacled, slimy, silver, golden, iron, obsidian,
icy, bone, abyssal, demonic, glowing, magical, fiery, dark
a: Word of Chaos, Siphon Essence, Begin Untransformation, Renounce Religion,
Evoke Blink, Stomp


You escaped.
You worshipped Uskayaw.
Uskayaw was exalted by your worship.
You were an undying horror.
You visited 18 branches of the dungeon, and saw 88 of its levels.
You visited Pandemonium 1 time, and saw 17 of its levels.
You visited the Abyss 2 times.
You also visited: Trove, Volcano, Wizlab and Desolation.

You collected 11631 gold pieces.
You spent 7276 gold pieces at shops.

Inventory:

Hand Weapons
 a - a +9 heavy demon blade (weapon)
Missiles
 z - 10 silver javelins
 F - 14 javelins (quivered)
 O - 5 curare-tipped darts
 X - 34 boomerangs
Armour
 c - a +5 kite shield of protection (worn)
 j - +8 fire dragon scales (worn)
 s - the +0 pair of fencer's gloves (worn) {Riposte Dex+3}
   (You found it on level 3 of the Elven Halls)

   Riposte:   It allows the wearer to riposte with melee weapons, swiftly
   retaliating against missed or blocked melee attacks.
   Dex+3:     It affects your dexterity (+3).
 x - a +2 helmet of see invisible (worn)
 M - a +2 pair of boots of flying (worn)
Jewellery
 o - the ring "Yghuhitu" (left hand) {rElec rF+ SInv}
   (You found it on level 1 of the Crypt)

   [ring of see invisible]

   rF+:       It protects you from fire.
   rElec:     It insulates you from electricity.
   SInv:      It lets you see invisible.
 t - the ring "Hugoump" {Will++ Dex+6 SInv}
   (You found it on level 3 of the Realm of Zot)

   [ring of dexterity]

   Dex+6:     It affects your dexterity (+6).
   Will++:    It greatly increases your willpower.
   SInv:      It lets you see invisible.
 u - the ring "Enelic" {rCorr SInv}
   (You found it in the Desolation of Salt)

   [ring of see invisible]

   SInv:      It lets you see invisible.
   rCorr:     It protects you from acid and corrosion.
 D - an amulet of faith
 I - the ring of Ugyt {Ice +Blink Int+2}
   (You took it off Josephina on level 4 of the Depths)

   [ring of ice]

   Ice:       It enhances your ice magic.
   Int+2:     It affects your intelligence (+2).
   rF-:       It makes you vulnerable to fire.
   rC+:       It protects you from cold.
   +Blink:    It lets you blink.
 P - the macabre finger necklace {Finger+ rN+}
   (You found it on level 3 of the Tomb of the Ancients)

   [amulet of nothing]

   Finger+:   It enables you to equip an extra ring.
   rN+:       It protects you from negative energy.
 S - the amulet of Bisy (around neck) {+Blink Will+ Regen+ rCorr Int+3 Dex-4}
   (You found it on level 3 of the Tomb of the Ancients)

   [amulet of regeneration]

   Int+3:     It affects your intelligence (+3).
   Dex-4:     It affects your dexterity (-4).
   Will+:     It increases your willpower.
   +Blink:    It lets you blink.
   Regen+:    It increases your rate of health regeneration.
   rCorr:     It protects you from acid and corrosion.
 V - the ring "Giag" (right hand) {rC+ MP+9 Int+6}
   (You bought it in a shop on level 15 of the Dungeon)

   [ring of magical power]

   Int+6:     It affects your intelligence (+6).
   rC+:       It protects you from cold.
   MP+9:      It affects your magic capacity (+9).
Talismans
 y - a talisman of death (active)
 Y - the granite talisman of the Moon Troll {rC+ Slay+3}
   (You found it on level 4 of the Vaults)

   [granite talisman]

   Slay+3:    It affects your accuracy & damage with ranged weapons and melee
   (+3).
   rC+:       It protects you from cold.
Wands
 b - a wand of quicksilver (50)
 i - a wand of digging (32)
 k - a wand of charming (69)
 n - a wand of mindburst (67)
 w - a wand of warping (74)
Scrolls
 e - 10 scrolls of fog
 h - 8 scrolls of teleportation
 p - 4 scrolls of immolation
 q - 3 scrolls of butterflies
 v - 7 scrolls of blinking
 C - 10 scrolls of vulnerability
 G - 13 scrolls of fear
 J - 4 scrolls of silence
 U - 3 scrolls of revelation
Potions
 d - 9 potions of might
 f - 8 potions of enlightenment
 g - 18 potions of curing
 l - 4 potions of magic
 m - 10 potions of heal wounds
 r - 9 potions of brilliance
 A - 8 potions of lignification
 E - 5 potions of mutation
 H - 4 potions of resistance
 N - 4 potions of cancellation
 R - 9 potions of invisibility
 W - 7 potions of haste
Miscellaneous
 B - a lightning rod (4/4)
 K - the horn of Geryon
 L - a tin of tremorstones (2/2)
 Q - a Gell's gravitambourine (2/2)
 T - a figurine of a ziggurat
 Z - a box of beasts


   Skills:
 O Level 27 Fighting
 - Level 16.0 Long Blades
 - Level 2.0 Axes
 - Level 14.0 Throwing
 + Level 18.1 Armour
 + Level 24.2 Dodging
 - Level 10.0 Stealth
 + Level 18.1 Shields
 - Level 9.0 Spellcasting
 - Level 21.0 Translocations
 - Level 8.0 Air Magic
 O Level 27 Invocations
 - Level 19.0 Evocations
 - Level 23.0 Shapeshifting


You had 5 spell levels left.
You knew the following spells:

 Your Spells              Type           Power      Damage    Failure   Level
a - Lesser Beckoning      Tloc           100%       N/A       0%          2
b - Passage of Golubria   Tloc           80%        N/A       1%          4
f - Manifold Assault      Tloc           40%        N/A       1%          7
g - Gell's Gavotte        Tloc           40%        2d(29-43) 1%          6
j - Dispersal             Tloc           40%        N/A       1%          6
l - Blink                 Tloc           100%       N/A       0%          2
q - Apportation           Tloc           100%       N/A       0%          1
s - Maxwell's Portable P  Tloc           80%        2d(17-34) 1%          4
z - Vhi's Electric Charg  Tloc/Air       100%       N/A       1%          4
W - Swiftness             Air            45%        N/A       1%          3

Your spell library contained the following spells:

 Spells                   Type           Power      Damage    Failure   Level
 Teleport Other           Tloc           80%        N/A       0%          3
 Dimensional Bullseye     Hex/Tloc       27%        N/A       1%          4
 Mercury Vapours          Alch/Air       54%        N/A       3%          2
 Static Discharge         Conj/Air       54%        3-6/arc   3%          2
 Airstrike                Air            22%        2d(4-20)  4%          4
 Summon Forest            Summ/Tloc      27%        N/A       4%          5
 Cigotuvi's Dreadful Rot  Necr/Alch/Air  42%        N/A       6%          2
 Foxfire                  Conj/Fire      36%        2x1d5     12%         1
 Kiss of Death            Conj/Necr      36%        2d8       12%         1
 Magic Dart               Conj           36%        1d4       12%         1
 Necrotise                Necr           36%        1d5       12%         1
 Sandblast                Erth           18%        2d7       12%         1
 Sting                    Conj/Alch      36%        1d5       12%         1
 Summon Small Mammal      Summ           36%        N/A       12%         1
 Mephitic Cloud           Conj/Alch/Air  21%        N/A       12%         3
 Call Imp                 Summ           18%        N/A       17%         2
 Ensorcelled Hibernation  Hex/Ice        18%        N/A       17%         2
 Jinxbite                 Hex            18%        N/A       17%         2
 Searing Ray              Conj           18%        2d5       17%         2
 Sublimation of Blood     Necr           9%         N/A       17%         2
 Summon Lightning Spire   Summ/Air       27%        N/A       22%         4
 Call Canine Familiar     Summ           9%         N/A       34%         3
 Confusing Touch          Hex            9%         N/A       34%         3
 Dazzling Flash           Conj/Hex       18%        N/A       34%         3
 Frozen Ramparts          Ice            18%        1d3       34%         3
 Fugue of the Fallen      Necr           9%         N/A       34%         3
 Hailstorm                Conj/Ice       9%         3d6       34%         3
 Inner Flame              Hex/Fire       9%         N/A       34%         3
 Ozocubu's Armour         Ice            9%         N/A       34%         3
 Passwall                 Erth           9%         N/A       34%         3
 Sigil of Binding         Hex            9%         N/A       34%         3
 Stone Arrow              Conj/Erth      18%        3d8       34%         3
 Summon Ice Beast         Ice/Summ       9%         N/A       34%         3
 Tukima's Dance           Hex            9%         N/A       34%         3
 Vampiric Draining        Necr           9%         2d6       34%         3
 Arcjolt                  Conj/Air       13%        1d23      52%         5
 Silence                  Hex/Air        13%        N/A       52%         5
 Freezing Cloud           Conj/Ice/Air   10%        6-21      73%         5
 Anguish                  Hex/Necr       4%         N/A       75%         4
 Animate Armour           Summ/Erth      18%        N/A       75%         4
 Animate Dead             Necr           9%         N/A       75%         4
 Brom's Barrelling Bould  Conj/Erth      9%         2d3       75%         4
 Cause Fear               Hex            4%         N/A       75%         4
 Dispel Undead            Necr           9%         3d8       75%         4
 Flame Wave               Conj/Fire      9%         2d6       75%         4
 Fulminant Prism          Conj/Alch      4%         3d5       75%         4
 Ignite Poison            Fire/Alch      9%         N/A       75%         4
 Leda's Liquefaction      Alch/Erth      4%         N/A       75%         4
 Martyr's Knell           Necr/Summ      9%         N/A       75%         4
 Olgreb's Toxic Radiance  Alch           9%         N/A       75%         4
 Petrify                  Alch/Erth      9%         N/A       75%         4
 Sticky Flame             Fire/Alch      9%         2d5       75%         4
 Alistair's Intoxication  Alch           6%         N/A       97%         5
 Borgnjor's Vile Clutch   Necr/Erth      4%         N/A       97%         5
 Curse of Agony           Necr           9%         N/A       97%         5
 Irradiate                Conj/Alch      4%         3d13      97%         5
 Iskenderun's Battlesphe  Conj           9%         2d6       97%         5
 Lee's Rapid Deconstruct  Erth           4%         3d5*      97%         5
 Metabolic Englaciation   Hex/Ice        4%         N/A       97%         5
 Summon Mana Viper        Hex/Summ       9%         N/A       97%         5
 Yara's Violent Unravell  Hex/Alch       4%         3d4       97%         5
 Disjunction              Tloc           40%        N/A       14%         8
 Malign Gateway           Summ/Tloc      27%        N/A       78%         7
 Plasma Beam              Fire/Air       13%        2x1d24    98%         6
 Bombard                  Conj/Erth      4%         9d2       100%        6
 Death Channel            Necr           4%         N/A       100%        6
 Permafrost Eruption      Ice/Erth       4%         2x4d2     100%        6
 Sculpt Simulacrum        Ice/Alch       4%         N/A       100%        6
 Starburst                Conj/Fire      4%         6d4       100%        6
 Summon Cactus Giant      Summ           4%         N/A       100%        6
 Enfeeble                 Hex            4%         N/A       100%        7
 Haunt                    Necr/Summ      4%         N/A       100%        7
 Monstrous Menagerie      Summ           4%         N/A       100%        7
 Ozocubu's Refrigeration  Ice            4%         4d8       100%        7
 Spellforged Servitor     Conj/Summ      4%         N/A       100%        7
 Borgnjor's Revivificati  Necr           4%         N/A       100%        8
 Discord                  Hex            4%         N/A       100%        8
 Ignition                 Fire           4%         3d4       100%        8
 Infestation              Necr           4%         N/A       100%        8
 Lehudib's Crystal Spear  Conj/Erth      4%         10d3      100%        8
 Maxwell's Capacitive Co  Air            22%        ∞         100%        8
 Summon Horrible Things   Summ           4%         N/A       100%        8
 Death's Door             Necr           4%         N/A       100%        9
 Polar Vortex             Ice            4%         N/A       100%        9


Dungeon Overview and Level Annotations

Branches:
Dungeon (15/15)            Temple (1/1) D:6            Lair (5/5) D:10
 Shoals (4/4) Lair:3        Snake (4/4) Lair:3        Slime (5/5) Lair:4
    Orc (2/2) D:12            Elf (3/3) Orc:2        Vaults (5/5) D:13
  Crypt (3/3) Vaults:3       Tomb (3/3) Crypt:3      Depths (4/4) D:15
   Hell (visited)             Dis (7/7) Hell            Geh (7/7) Hell
    Coc (7/7) Hell            Tar (7/7) Hell            Zot (5/5) Depths:4
Volcano (visited)          WizLab (visited)         Desolation (visited)

Altars:
Ashenzari
Cheibriados
Dithmenos
Fedhas
Gozag
Hepliaklqana
Kikubaaqudgha
Makhleb
Nemelex Xobeh
Okawaru
Qazlal
Ru
Sif Muna
Trog
Uskayaw
Vehumet
Wu Jian
Xom
Yredelemnul
Beogh
Jiyva

Shops:
D:9 (*:[   D:15 *   Orc:2 ([(**   Elf:1 !   Elf:2 !::   Elf:3 [   Shoals:1 ((*
Shoals:2 =   Snake:1 *   Snake:2 :(   Vaults:1 ((   Vaults:2 (   Vaults:3 [
Vaults:4 **   Vaults:5 *   Depths:4 :==

Portals:
Hell: Depths:1 Depths:2 Depths:3 Depths:4
Abyss: Depths:3
Pandemonium: Depths:2
Ziggurat: Depths:3

Annotations:
Lair:3 exclusion: 3 oklob plants
Vaults:2 3 runed translucent doors, Ruxt's ghost, adept MiFi
Vaults:4 abyss rune trove


Innate Abilities, Weirdness & Mutations

You are an undying horror.
Your melee and unarmed attacks drain, slow and weaken victims.
You are immune to unholy pain and torment.
You cannot drink.
You are completely covered in slimy green scales. (AC +4, rPois)
You regenerate a lot of health from kills.
Your presence sometimes corrodes or deforms those you injure.
You can speak a Word of Chaos.
You have a sharp stinger which inflicts weakening toxins.
You are darkly shadowed, frequently releasing foul flame when damaged in melee.
Your flesh is heat resistant. (rF+)
Your movements are significantly less encumbered by armour. (ER -6)


Message History

You cut the hellion into ribbons and electrocute it!!!
You kill the hellion!
No target in view!
Magic restored.
There is a stone staircase leading up here.
You fly upwards.
There is a stone staircase leading down here.
There is an open door, spattered with blood here.
An Orb Guardian comes into view.
There is a stone staircase leading up here.
There is a stone staircase leading up here.
You fly upwards.
There is a stone staircase leading down here.
You're already here!
An Ice Fiend comes into view.
You can't go up here!
Casting: Vhi's Electric Charge (safe; 1% risk of failure)
Confirm with . or Enter, or press ? or * to list all spells.
Aiming: Vhi's Electric Charge (safe; 1% risk of failure)
Press: ? - help, Shift-Dir - straight line, f - Ice Fiend
Aim: an Ice Fiend (95% to hit)
You charge forward with an electric crackle!
You chop the Ice Fiend into pieces and electrocute it!!!
The Ice Fiend decays.
You tail-slap the Ice Fiend, but do no damage.
The Ice Fiend is heavily wounded.
You slash the Ice Fiend!
The Ice Fiend decays.
The Ice Fiend is heavily wounded.
You block the Ice Fiend's attack. x2
You chop the Ice Fiend into pieces!!!
You kill the Ice Fiend!
You can now pass through a line of other dancers.
No target in view!
No target in view!
Magic restored.
There is an open door here.
You reach down and open the door.
There is an open door here.
There is a staircase leading out of the dungeon here.
You have escaped!

.......##.# #.### #.#...#.##
....^.....# #...# #.#####.#
#######.### #.#.# #.# #.# #
###########'############ #
#........'ß.ß'........# #
#........#...#........#
######...⌠....##'##....⌠...#
÷...###...................##
.###.#######....z....###### .#
#.##.# ##.......########
.###)##.# #########......#
....###.## #.#.#######.#
...####..##### #.#.#######.#####
...#.........###.#.............#
.#...#####.P.P##.#########.###.##
###..# ##P♣..##.# #...........
.....####PP.P.##.# #.###.###...


There were no monsters in sight!

Vanquished Creatures
  Cerebov (Pan)
  Antaeus (Coc:7)
  Asmodeus (Geh:7)
  the Royal Jelly (Slime:5)
  Ereshkigal (Tar:7)
  Gloorx Vloq (Pan)
  Ignacio (Pan)
  Mnoleg (Pan)
  Lom Lobon (Pan)
  the Serpent of Hell (Coc:7)
  Khufu (Crypt:2)
  Dispater (Dis:7)
  2 dread liches
  5 ancient liches
  8 orbs of fire
  Mennas (Pan)
  10 juggernauts
  The ghost of Wurghat the Shapeless Troll, a master TrSh of the Shining One (Zot:2)
  Josephina (Depths:4)
  16 royal mummies
  Vashnia (Snake:4)
  8 pandemonium lords
  14 shard shrikes
  8 Killer Klowns
  A curse toe (Zot:5)
  Margery (Crypt:1)
  11 caustic shrikes
  Saint Roka (Vaults:1)
  15 golden dragons
  Jory (Crypt:3)
  Nikola (Vaults:2)
  20 profane servitors
  Geryon (Hell)
  10 bone dragons
  14 Tzitzimimeh
  The ghost of Yhagabbo the Devastator, an adept DrCj of Sif Muna (Vaults:4)
  7 doom hounds
  9 iron giants
  7 electric golems
  The ghost of Gumuy the Crack Shot, an adept MiHu of Nemelex Xobeh (Depths:3)
  Zenata (Vaults:2)
  7 hellephants
  14 Brimstone Fiends
  13 Hell Sentinels
  27 Orb Guardians
  26 tentacled monstrosities
  19 tainted leviathans
  Rupert (D:13)
  6 deep elf blademasters (Elf:3)
  5 liches
  A shard shrike skeleton (Crypt:3)
  A walking frostbound tome (Depths:3)
  25 Ice Fiends
  16 sphinxes
  31 titans
  14 acid blobs
  29 searing wretches
  20 Executioners
  4 deep elf master archers
  3 tentacled starspawn (Abyss:4)
  11 quicksilver dragons
  10 death cobs
  25 ancient champions
  9 shadow dragons
  6 revenants
  Aizul (Vaults:2)
  20 storm dragons
  Donald (Vaults:2)
  6 demonspawn warmongers (Pan)
  7 tengu reavers
  Roxanne (Elf:2)
  A fenstrider witch (Pan)
  7 draconian knights
  7 draconian monks
  13 rockslimes
  15 nagarajas
  11 azure jellies
  5 protean progenitors (Pan)
  7 ghost moths
  11 frost giants
  21 fire giants
  7 quicksilver elementals
  10 iron dragons
  9 deep elf sorcerers
  2 daevas
  11 narguns
  34 balrugs
  A caustic shrike zombie (Crypt:2)
  5 draconian shifters
  Louise (Snake:4)
  18 vault wardens
  9 draconian scorchers
  5 deep elf elementalists (Elf:3)
  8 cacodemons
  3 juggernaut zombies
  6 draconian annihilators
  2 formless jellyfish (Slime:4)
  5 curse skulls
  2 spectral caustic shrikes
  A spectral juggernaut (Tar:4)
  3 juggernaut skeletons
  25 ghouls
  An angel (Abyss:2)
  8 shard shrike simulacra
  5 draconian stormcallers
  4 ironbound thunderhulks
  11 quicksilver oozes
  8 demonspawn corrupters (Pan)
  2 orc warlords
  23 ironbound preservers
  23 reapers
  3 demonspawn blood saints (Pan)
  An ophan (Abyss:2)
  43 very ugly things
  10 green draconians
  15 stone giants
  4 spriggan defenders (Depths:3)
  26 vampire knights
  2 caustic shrike skeletons
  The ghost of Obbaitis the Bludgeoner, a journeyman MiBe of Trog (Elf:3)
  Nessos (D:13)
  10 demonspawn black suns (Pan)
  16 elemental wellsprings
  13 dire elephants
  9 black draconians
  11 red draconians
  15 deep elf death magi
  14 purple draconians
  A spectral titan (Crypt:1)
  34 putrid mouths
  6 bennus (Tomb:3)
  5 lorocyprocas (Pan)
  10 deep elf demonologists
  6 spark wasps
  12 white draconians
  10 yellow draconians
  13 deep elf annihilators
  4 halazid warlocks (Desolation)
  13 wendigos
  35 war gargoyles
  A bunyip (Pan)
  19 iron golems
  7 merfolk javelineers
  14 ettins
  8 eidola
  An acid blob zombie (Crypt:2)
  Snorg (D:13)
  2 spectral quicksilver dragons
  10 green deaths (Pan)
  9 yaktaur captains
  The ghost of Aldia the Toxicologist, a journeyman OpAl of Gozag (Orc:2)
  A spectral kraken (Tar:7)
  3 crystal guardians
  10 blizzard demons
  24 mummy priests
  9 ragged hierophants (Desolation)
  4 spectral spriggans
  15 jiangshi
  5 deep elf high priests
  A spectral fenstrider witch (Tar:1)
  9 fire dragons
  7 merfolk impalers
  6 salamander tyrants
  17 great orbs of eyes
  7 servants of whispers (Desolation)
  2 entropy weavers (Vaults:1)
  9 hell beasts
  11 caustic shrike simulacra
  33 vault guards
  Fannar (Lair:1)
  8 hydras
  7 rakshasas
  10 anacondas
  8 peacekeepers
  3 death knights
  5 ogre magi
  A sphinx zombie (WizLab)
  4 merfolk aquamancers
  9 centaur warriors
  6 juggernaut simulacra
  11 stokers
  3 catoblepae
  5 spriggan air magi
  Erica (D:10)
  9 ice dragons
  3 merfolk avatars
  2 alligator snapping turtles
  A jorogumo (Pan)
  A spectral stone giant (Tar:1)
  18 two-headed ogres
  31 dancing weapons
  3 death yaks (Lair:2)
  3 orc high priests (Vaults:1)
  12 boulder beetles
  12 ironbound frosthearts
  42 hell hogs
  9 tengu warriors
  A two-headed ogre (shapeshifter) (Depths:2)
  58 death scarabs
  5 occultists (Depths:2)
  2 titan zombies
  4 spriggan berserkers (Depths:1)
  6 deep troll shamans
  A satyr (Shoals:4)
  9 deep troll earth magi
  31 hell knights
  8 shock serpents
  2 thrashing horrors
  17 naga sharpshooters
  3 storm dragon zombies
  16 vampire magi
  3 demonic crawlers (Pan)
  18 naga warriors
  21 deep elf knights
  22 soul eaters
  37 sun demons
  2 hellephant skeletons (Pan)
  4 spectral dire elephants
  12 crystal echidnas
  A titan skeleton (Tomb:2)
  Nergalle (Lair:2)
  11 sixfirhies (Pan)
  7 skysharks
  3 wretched stars (Abyss:4)
  3 golden dragon zombies
  7 iron trolls
  29 skeletal warriors
  A ghost moth zombie (Crypt:2)
  5 salamander mystics
  5 sea snakes
  9 shadow wraiths
  3 spriggan druids (Depths:3)
  6 spectral anacondas
  Lodul (D:10)
  A bunyip zombie (Crypt:3)
  17 flayed ghosts
  2 goliath frogs (Pan)
  2 iron giant zombies (Crypt:3)
  2 spatial maelstroms (Abyss:4)
  9 shadow demons (Pan)
  4 spectral bunyips
  3 quicksilver dragon simulacra
  8 naga ritualists
  12 glowing orange brains
  9 arcanists
  2 tengu zombies
  6 sun moths (Pan)
  12 lindwurms
  6 mana vipers
  A spectral iron dragon (Crypt:1)
  76 deep trolls
  6 anaconda zombies
  4 bog bodies
  An obsidian statue (Vaults:4)
  A bunyip skeleton (Crypt:3)
  4 anaconda skeletons
  24 ironbound convokers
  5 thermic dynamos
  5 spriggan simulacra
  12 orc knights
  31 phantasmal warriors
  14 deep elf archers
  18 harpies
  2 orange crystal statues (Hell)
  An obsidian bat (Orc:2)
  21 deep elf zephyrmancers
  21 deep elf pyromancers
  2 wolf spiders (Lair:5)
  17 necromancers
  61 ugly things
  An ugly thing (shapeshifter) (Vaults:5)
  5 oklob plants (Tar:3)
  3 stone giant zombies
  3 orc sorcerers
  16 salamanders
  11 manticores
  3 elephants (Zot:4)
  5 shining eyes
  2 spectral ettins
  A shining eye (shapeshifter) (Depths:2)
  27 moths of wrath
  2 tengu skeletons (Crypt:1)
  A worldbinder (Abyss:2)
  10 cyclopes
  6 fauns
  A moth of wrath (shapeshifter) (Depths:2)
  A frost giant zombie (WizLab)
  A rust devil (Pan)
  2 spectral centaurs
  3 merfolk sirens
  20 vault sentinels
  30 black mambas
  A dire elephant zombie (Crypt:1)
  A human skeleton (Vaults:3)
  3 meliai (D:15)
  5 centaur zombies
  29 smoke demons
  Joseph (D:10)
  A frost giant skeleton (Vaults:4)
  2 ice statues (Coc:7)
  14 naga magi
  2 molten gargoyles (Lair:5)
  2 kobold blastminers (Orc:2)
  4 eyes of devastation
  16 guardian serpents
  A water nymph (shapeshifter) (Vaults:5)
  9 water nymphs
  2 storm dragon simulacra
  8 orange demons
  5 human zombies
  6 titan simulacra
  Jeremiah (Lair:1)
  8 spectral swamp worms (Tar:7)
  14 large abominations
  9 cane toads
  18 hellions
  A catoblepas zombie (Crypt:1)
  3 torpor snails (Lair:2)
  2 gargoyles
  9 unseen horrors
  25 tormentors
  4 centaur skeletons
  An elephant slug zombie (Crypt:3)
  7 freezing wraiths
  4 spriggan zombies
  15 komodo dragons
  38 yaktaurs
  2 bunyip simulacra
  5 anaconda simulacra
  2 spectral nagas
  A yaktaur (shapeshifter) (Depths:2)
  A golden dragon simulacrum (Coc:5)
  An ice devil (Hell)
  A green draconian skeleton (Crypt:1)
  2 efreet
  4 ancient zymes (Abyss:4)
  8 tengu conjurers
  3 harpy zombies
  3 iron giant simulacra
  7 spectral harpies
  39 guardian mummies
  A polar bear (shapeshifter) (D:13)
  22 merfolk
  5 trolls
  6 red devils (Pan)
  15 hellwings
  Prince Ribbit (Lair:2)
  11 wind drakes
  10 glass eyes
  2 shadow dragon simulacra
  A harpy skeleton (Hell)
  10 hornets
  5 snapping turtles (Shoals:2)
  2 hydra skeletons
  3 polar bears
  60 saltlings (Desolation)
  A sun moth zombie (Crypt:2)
  7 blink frogs
  2 iron dragon simulacra
  A guardian serpent zombie (Crypt:1)
  2 dream sheep (Shoals:2)
  4 raiju
  A stone giant simulacrum (Coc:4)
  A dream sheep (shapeshifter) (Vaults:4)
  A snapping turtle (shapeshifter) (Elf:1)
  3 ettin zombies
  59 slime creatures
  A centaur simulacrum (Tomb:3)
  4 culicivoras (Pan)
  6 dire elephant simulacra
  22 water elementals
  Sigmund (D:4)
  15 air elementals
  A shadow (D:10)
  11 wyverns
  37 yaks
  3 small abominations
  9 spriggans
  22 humans
  A vampire (D:11)
  16 wraiths
  14 ynoxinuls
  27 ushabtiu
  2 fire elementals
  5 basilisks
  Grum (Lair:1)
  17 chaos spawn
  4 steam dragons
  13 golden eyes
  A golden eye (shapeshifter) (Vaults:5)
  3 redbacks (Vaults:1)
  13 neqoxecs
  10 starcursed masses
  2 alligator snapping turtle simulacra
  A warg (Orc:2)
  6 spatial vortices (Abyss:4)
  9 vampire mosquitoes
  46 nagas
  2 acid dragons
  12 harpy simulacra
  A swamp worm (Pan)
  2 hydra simulacra
  A two-headed ogre zombie (Hell)
  A glowing shapeshifter zombie (Vaults:4)
  16 water moccasins
  8 hell hounds
  A hornet zombie (Crypt:1)
  A water nymph skeleton (Crypt:2)
  A merfolk skeleton (Crypt:1)
  39 orc warriors
  8 black bears
  32 laughing skulls
  An ice beast (D:5)
  4 ettin simulacra
  An ice dragon simulacrum (Coc:1)
  20 ogres
  A sky beast (D:7)
  An ogre (shapeshifter) (Elf:3)
  30 wolves
  28 centaurs
  A torpor snail zombie (Crypt:3)
  A dream sheep skeleton (Crypt:2)
  A kobold brigand (D:11)
  A scorpion (D:5)
  11 bullfrogs
  5 earth elementals
  A naga simulacrum (Coc:1)
  An ogre simulacrum (Vaults:4)
  14 wights
  A queen bee zombie (Crypt:2)
  A human simulacrum (Vaults:3)
  A swamp dragon simulacrum (Hell)
  6 killer bees
  7 howler monkeys
  2 bombardier beetles
  9 lava snakes
  2 jellies
  3 hounds
  A bullfrog skeleton (Crypt:2)
  15 orc priests
  An iron imp (Abyss:4)
  A gnoll bouda (D:10)
  2 sleepcaps
  4 iguanas
  17 orc wizards
  6 hell rats (Lair:5)
  Terence (D:2)
  46 mummies
  3 gnolls (D:10)
  10 adders
  A howler monkey skeleton (Crypt:1)
  A steam dragon zombie (Crypt:2)
  A swamp drake skeleton (Crypt:3)
  A white imp (D:7)
  2 ufetubi (D:6)
  2 dart slugs
  72 orcs
  8 endoplasms
  4 giant cockroaches
  7 goblins
  9 hobgoblins
  11 jackals
  2 quokkas
  5 ball pythons
  5 bats
  A dart slug zombie (Crypt:1)
  13 kobolds
  4 rats
  An aspiring flesh (Pan)
  6 creeping infernos
  10 fire vortices
  3 starspawn tentacles (Abyss:4)
4129 creatures vanquished.

Vanquished Creatures (collateral kills)
  A shard shrike (Coc:7)
  A tentacled monstrosity (Zot:4)
  A titan (Coc:7)
  An ancient champion (Dis:1)
  A quicksilver elemental (Dis:1)
  A red draconian (Zot:4)
  A war gargoyle (Dis:1)
  A mummy priest (WizLab)
  A yaktaur (Vaults:5)
  A hornet (Depths:3)
  A spriggan (Depths:3)
  An orc (Orc:2)
12 creatures vanquished.

Vanquished Creatures (others)
  A shard shrike (Coc:4)
  A lich (Pan)
  An eldritch tentacle (Pan)
  3 death cobs
  A quicksilver elemental (Dis:1)
  A demonspawn blood saint (Pan)
  2 wendigos
  A spectral spriggan (Tar:3)
  2 rakshasas (Pan)
  An anaconda (Snake:3)
  2 merfolk aquamancers (Shoals:4)
  A quicksilver dragon simulacrum (Coc:7)
  A shadow demon (Pan)
  A spriggan simulacrum (Coc:7)
  An orc knight (Orc:2)
  A phantasmal warrior (Crypt:3)
  A kobold blastminer (Orc:2)
  A storm dragon simulacrum (Depths:4)
  An anaconda simulacrum (Coc:3)
  An iron giant simulacrum (Coc:2)
  A hellwing (Pan)
  A naga simulacrum (Coc:3)
  2 neqoxecs (Pan)
  2 water elementals
  A chaos spawn (Pan)
  2 harpy simulacra
  A hydra simulacrum (Coc:2)
  A human (D:9)
  An orc priest (Orc:2)
  4 orcs
  5 ball lightnings (Pan)
  A creeping inferno (Geh:7)
  A lurking horror (Abyss:4)
  9 starspawn tentacles
57 creatures vanquished.

Grand Total: 4198 creatures vanquished

Notes
Turn   | Place    | Note
-------+----------+-------------------------------------------
     0 | D:1      | gameguard the Demonspawn Fighter began the quest for the
                  | Orb.
     0 | D:1      | Reached XP level 1. HP: 18/18 MP: 1/1
   203 | D:1      | Gained mutation: You are faintly shadowed, very rarely
                  | releasing foul flame when damaged in melee. [demonic
                  | ancestry]
   203 | D:1      | Reached XP level 2. HP: 22/24 MP: 2/2
   548 | D:1      | Reached XP level 3. HP: 29/29 MP: 3/3
   648 | D:1      | Found a faded altar of an unknown god.
  1548 | D:2      | Noticed Terence
  1561 | D:2      | Killed Terence
  1562 | D:2      | Gained mutation: You are partially covered in slimy green
                  | scales. (AC +2) [demonic ancestry]
  1562 | D:2      | Reached XP level 4. HP: 28/37 MP: 4/4
  1941 | D:2      | Reached skill level 1 in Long Blades
  2565 | D:3      | Found a stormy altar of Qazlal.
  2577 | D:3      | Reached skill level 1 in Dodging
  2577 | D:3      | Gained mutation: You regenerate a little health from kills.
                  | [demonic ancestry]
  2577 | D:3      | Reached XP level 5. HP: 24/42 MP: 5/5
  3104 | D:4      | Noticed Sigmund
  3194 | D:4      | Reached XP level 6. HP: 47/48 MP: 6/6
  3573 | D:4      | Killed Sigmund
  3574 | D:4      | Reached XP level 7. HP: 50/55 MP: 7/7
  3947 | D:5      | Entered Level 5 of the Dungeon
  4021 | D:4      | Reached skill level 5 in Fighting
  4115 | D:4      | Reached XP level 8. HP: 45/62 MP: 8/8
  4333 | D:5      | Reached skill level 5 in Armour
  4333 | D:5      | Reached skill level 5 in Shields
  4347 | D:5      | Found a sacrificial altar of Ru.
  4427 | D:5      | Found a blossoming altar of Fedhas.
  5062 | D:6      | Found a staircase to the Ecumenical Temple.
  5076 | Temple   | Entered the Ecumenical Temple
  5103 | Temple   | Became a worshipper of Uskayaw the Reveller
  5189 | D:6      | Reached * piety under Uskayaw
  5232 | D:6      | Reached ** piety under Uskayaw
  5235 | D:6      | Reached *** piety under Uskayaw
  5236 | D:6      | Reached skill level 1 in Invocations
  5331 | D:6      | Found an iron altar of Okawaru.
  5504 | D:6      | Reached skill level 5 in Long Blades
  5784 | D:7      | Reached **** piety under Uskayaw
  5786 | D:7      | Reached ***** piety under Uskayaw
  5791 | D:7      | Gained mutation: You regenerate health from kills. [demonic
                  | ancestry]
  5791 | D:7      | Reached XP level 9. HP: 67/69 MP: 10/10
  6114 | D:7      | Found a shimmering altar of Xom.
  6114 | D:7      | Found a shimmering blue altar of Sif Muna.
  6114 | D:7      | Found a burning altar of Makhleb.
  6147 | D:7      | Found a basalt altar of Yredelemnul.
  6148 | D:7      | Found an ornate altar of the Wu Jian Council.
  6148 | D:7      | Found a hazy altar of Hepliaklqana.
  6373 | D:7      | Found a faded altar of an unknown god.
  6373 | D:7      | Found the Hermit's Pendant {Faith Invo=14 Evo=0 MP+5}
  7123 | D:8      | Reached skill level 5 in Dodging
  7379 | D:8      | Reached skill level 5 in Invocations
  7394 | D:8      | Reached ****** piety under Uskayaw
  7416 | D:8      | Gained mutation: You have a small tail. [demonic ancestry]
  7416 | D:8      | Reached XP level 10. HP: 79/79 MP: 20/20
  7670 | D:8      | Noticed a two-headed ogre
  7683 | D:8      | Killed a two-headed ogre
  7965 | D:9      | Found Ycibyfum's Assorted Antiques.
  7973 | D:9      | Bought an onyx ring for 150 gold pieces
  8076 | D:9      | Found an ancient bone altar of Kikubaaqudgha.
  8119 | D:9      | Identified the +1 halberd of Theory {speed, *Corrode Will+
                  | Str+6}
  8184 | D:9      | Found Iryo's Antique Armour Shop.
  8209 | D:9      | Found Peuhaus's Book Shop.
  8419 | D:9      | Bought a fine chain mail for 171 gold pieces
  8419 | D:9      | Identified the +8 chain mail "Boysis" {-Tele rN++} (You
                  | bought it in a shop on level 9 of the Dungeon)
  8578 | D:9      | Found Deitez's Weapon Boutique.
  8717 | D:10     | Entered Level 10 of the Dungeon
  8790 | D:10     | Noticed Erica
  8806 | D:10     | Killed Erica
  9044 | D:10     | Noticed Lodul
  9331 | D:10     | Reached skill level 1 in Evocations
  9504 | D:10     | Gained mutation: You have a tail ending in a sharp stinger.
                  | [demonic ancestry]
  9504 | D:10     | Reached XP level 11. HP: 86/86 MP: 21/21
  9676 | D:10     | Killed Lodul
  9699 | D:10     | Identified the +1 scale mail of Pan-Flutes {rElec rPois
                  | Stlth+}
  9699 | D:10     | Noticed a two-headed ogre
  9725 | D:10     | Killed a two-headed ogre
 10015 | D:10     | Found a staircase to the Lair.
 10128 | D:10     | Noticed Joseph
 10141 | D:10     | Killed Joseph
 10371 | Lair:1   | Entered Level 1 of the Lair of Beasts
 10382 | Lair:1   | Noticed a catoblepas
 10403 | Lair:1   | Killed a catoblepas
 10412 | Lair:1   | Noticed Grum
 10412 | Lair:1   | Noticed Fannar
 10427 | Lair:1   | Killed Fannar
 10472 | Lair:1   | Killed Grum
 10477 | Lair:1   | Reached skill level 10 in Long Blades
 10492 | Lair:1   | Noticed Jeremiah
 10506 | Lair:1   | Killed Jeremiah
 10537 | Lair:1   | Found a dark tunnel.
 10537 | Lair:1   | Noticed a lindwurm
 10550 | Lair:1   | Killed a lindwurm
 10568 | Lair:1   | Noticed a catoblepas
 10598 | Lair:1   | Killed a catoblepas
 10606 | Volcano  | Entered a volcano
 10612 | Volcano  | Noticed a two-headed ogre
 10630 | Volcano  | Killed a two-headed ogre
 10643 | Volcano  | Noticed a two-headed ogre
 10652 | Volcano  | Noticed a two-headed ogre
 10667 | Volcano  | Found a burning altar of Makhleb.
 10667 | Volcano  | Noticed a two-headed ogre
 10667 | Volcano  | Noticed a red draconian
 10691 | Volcano  | Killed a two-headed ogre
 10703 | Volcano  | Noticed an ogre mage
 10705 | Volcano  | Noticed a two-headed ogre
 10712 | Volcano  | Killed a two-headed ogre
 10713 | Volcano  | Reached XP level 12. HP: 91/95 MP: 22/22
 10713 | Volcano  | Noticed a two-headed ogre
 10717 | Volcano  | Killed an ogre mage
 10717 | Volcano  | Killed a two-headed ogre
 10727 | Volcano  | Killed a red draconian
 10733 | Volcano  | Killed a two-headed ogre
 10740 | Volcano  | Killed a two-headed ogre
 10986 | Lair:1   | Reached skill level 5 in Evocations
 11587 | Lair:2   | Noticed Nergalle
 11634 | Lair:2   | Killed Nergalle
 11635 | Lair:2   | Reached skill level 10 in Invocations
 11721 | Lair:2   | Noticed a seven-headed hydra
 11743 | Lair:2   | Killed a two-headed hydra
 11817 | Lair:2   | Reached skill level 1 in Stealth
 11821 | Lair:2   | Reached skill level 10 in Fighting
 12005 | Lair:2   | Noticed a death yak
 12034 | Lair:2   | Noticed a death yak
 12040 | Lair:2   | Killed a death yak
 12048 | Lair:2   | Killed a death yak
 12364 | Lair:2   | Noticed Prince Ribbit
 12373 | Lair:2   | Killed Prince Ribbit
 12377 | Lair:2   | Reached XP level 13. HP: 103/103 MP: 23/23
 13110 | Lair:2   | Reached skill level 1 in Throwing
 14127 | Lair:3   | Found a staircase to the Snake Pit.
 14483 | Lair:3   | Found a staircase to the Shoals.
 15422 | Lair:4   | Found a viscous altar of Jiyva.
 15594 | Lair:4   | Found a staircase to the Slime Pits.
 15745 | Lair:4   | You fall into a shaft and drop 1 floor!
 15745 | Lair:5   | Entered Level 5 of the Lair of Beasts
 16721 | Lair:5   | Gained mutation: You have a sharp stinger which inflicts
                  | weakening toxins. [demonic ancestry]
 16721 | Lair:5   | Reached XP level 14. HP: 110/113 MP: 24/24
 16986 | Lair:5   | Found a blossoming altar of Fedhas.
 17071 | Lair:5   | Reached skill level 5 in Stealth
 17572 | Lair:5   | Found a large runed translucent door.
 17636 | Lair:5   | Found a large runed translucent door.
 18771 | D:12     | Found a staircase to the Orcish Mines.
 19095 | D:12     | Got the Dissertation on Excruciating Refrigeration
 19243 | D:12     | Found a burning altar of Makhleb.
 19455 | Orc:1    | Entered Level 1 of the Orcish Mines
 19582 | Orc:1    | Found a roughly hewn altar of Beogh.
 19767 | Orc:2    | Entered Level 2 of the Orcish Mines
 19767 | Orc:2    | Noticed an orc warlord
 19784 | Orc:2    | Killed an orc warlord
 19785 | Orc:2    | Reached skill level 10 in Dodging
 19916 | Orc:2    | Found a runed translucent gate.
 19916 | Orc:2    | Found a runed translucent gate.
 19916 | Orc:2    | Found a runed translucent gate.
 19921 | Orc:2    | Noticed Aldia's ghost (journeyman OpAl)
 19924 | Orc:2    | Identified the +0 chain mail of Midwinter {rF+ Str+2
                  | Stlth+}
 19926 | Orc:2    | Found a roughly hewn altar of Beogh.
 19926 | Orc:2    | Found the +11 plutonium sword {^Contam Stlth-}
 19960 | Orc:2    | Found Qadefiaff's Weapon Emporium.
 19965 | Orc:2    | Found a staircase to the Elven Halls.
 20209 | Orc:2    | Paralysed by an orc sorcerer for 5 turns
 20245 | Orc:2    | Reached skill level 5 in Throwing
 20303 | Orc:2    | Found Tourrod's Assorted Antiques.
 20303 | Orc:2    | Found Emmemas's Weapon Shoppe.
 20307 | Orc:2    | Found Qesegoynk's Armour Emporium.
 20315 | Orc:2    | Found Houm's General Store.
 20450 | Orc:2    | Bought a scroll of enchant weapon for 82 gold pieces
 20450 | Orc:2    | Bought a potion of invisibility for 88 gold pieces
 21324 | Orc:2    | Killed Aldia's ghost
 21667 | D:13     | Noticed Rupert
 21667 | D:13     | Noticed Nessos
 21667 | D:13     | Found a gate to the Vaults.
 21679 | D:13     | Killed Rupert
 21680 | D:13     | Gained mutation: You are mostly covered in slimy green
                  | scales. (AC +3) [demonic ancestry]
 21680 | D:13     | Reached XP level 15. HP: 122/122 MP: 24/24
 21685 | D:13     | Killed Nessos
 22758 | D:13     | Noticed Snorg
 22771 | D:13     | Killed Snorg
 22893 | D:14     | Found a radiant altar of Vehumet.
 23009 | D:14     | Identified the +2 scale mail of the Blizzard {rF+ rN+}
 23552 | D:15     | Entered Level 15 of the Dungeon
 24141 | D:15     | Found Mibunledu's General Store.
 24143 | D:15     | Found Lenaif's Specific Store.
 24149 | D:15     | Bought a scroll of butterflies for 64 gold pieces
 24457 | D:15     | Found a staircase to the Depths.
 24798 | Orc:2    | Bought a Gell's gravitambourine (2/2) for 1120 gold pieces
 25054 | Snake:1  | Entered Level 1 of the Snake Pit
 25710 | Snake:1  | Gained mutation: You are shadowed, sometimes releasing foul
                  | flame when damaged in melee. [demonic ancestry]
 25710 | Snake:1  | Reached XP level 16. HP: 132/132 MP: 26/26
 25900 | Snake:1  | Found a sacrificial altar of Ru.
 26017 | Snake:1  | Found Xiuj's Assorted Antiques.
 26020 | Snake:1  | Bought a scroll of identify for 60 gold pieces
 26020 | Snake:1  | Bought a scroll of identify for 60 gold pieces
 26020 | Snake:1  | Identified a scroll of acquirement
 27093 | Snake:2  | Reached skill level 1 in Translocations
 27288 | Snake:2  | Found Asty's Weapon Shop.
 27288 | Snake:2  | Found Batz's Book Boutique.
 27459 | Snake:2  | Found a blossoming altar of Fedhas.
 28653 | Snake:3  | Acquired the +2 demon blade of Res Judicata {elec, Dex+4}
 28654 | Snake:3  | Acquired a manual of Evocations
 28667 | Snake:3  | Learned a level 2 spell: Lesser Beckoning
 28672 | Snake:3  | Learned a level 4 spell: Vhi's Electric Charge
 28677 | Snake:3  | Learned a level 4 spell: Passage of Golubria
 28969 | Snake:4  | Entered Level 4 of the Snake Pit
 29339 | Snake:4  | Reached skill level 15 in Invocations
 29339 | Snake:4  | Gained mutation: You regenerate a lot of health from kills.
                  | [demonic ancestry]
 29339 | Snake:4  | Reached XP level 17. HP: 140/140 MP: 28/28
 29411 | Snake:4  | Reached skill level 15 in Fighting
 29548 | Snake:4  | Noticed Louise
 29576 | Snake:4  | Killed Louise
 30333 | Snake:4  | Got a serpentine rune of Zot
 30398 | Snake:4  | Noticed Vashnia
 30434 | Snake:4  | Killed Vashnia
 30561 | Snake:4  | Identified the +7 double sword "Seezeoxzoa" {antimagic,
                  | Int+3 SInv}
 31519 | Shoals:1 | Entered Level 1 of the Shoals
 31936 | Orc:2    | Bought quicksilver dragon scales for 660 gold pieces
 32184 | Shoals:1 | Reached skill level 15 in Long Blades
 32200 | Shoals:1 | Found Xoudif's Assorted Antiques.
 32241 | Shoals:1 | Found Nicwysh's Weapon Shop.
 32293 | Shoals:1 | Found Sooruan's Antique Weapon Shop.
 33220 | Shoals:2 | Found Lieguyt's Jewellery Shoppe.
 33412 | Shoals:2 | Reached skill level 10 in Evocations
 33412 | Shoals:2 | Reached XP level 18. HP: 143/151 MP: 29/29
 33937 | Shoals:1 | Bought a pair of runed boots for 247 gold pieces
 34063 | Shoals:3 | Reached skill level 5 in Translocations
 34864 | Shoals:4 | Entered Level 4 of the Shoals
 34892 | Shoals:4 | Paralysed by an air elemental for 1 turns
 34896 | Shoals:4 | Paralysed by an air elemental for 1 turns
 34907 | Shoals:4 | Reached skill level 1 in Spellcasting
 34949 | Shoals:4 | Reached skill level 1 in Air Magic
 34966 | Shoals:4 | Paralysed by an air elemental for 1 turns
 34979 | Shoals:4 | Paralysed by an air elemental for 1 turns
 35009 | Shoals:4 | Paralysed by an air elemental for 1 turns
 35047 | Shoals:4 | Paralysed by an air elemental for 1 turns
 35050 | Shoals:4 | Paralysed by an air elemental for 1 turns
 35330 | Shoals:4 | Got the Guidebook on Reformation and the Summer
 35336 | Shoals:4 | Got a barnacled rune of Zot
 35850 | Shoals:4 | Found a stormy altar of Qazlal.
 36255 | Vaults:1 | Entered Level 1 of the Vaults
 36311 | Vaults:1 | Noticed Saint Roka
 36728 | Shoals:1 | Bought a scroll of blinking for 247 gold pieces
 36926 | Vaults:1 | Killed Saint Roka
 37119 | Vaults:1 | Found Atzen's Weapon Emporium.
 37147 | Vaults:1 | Identified the +3 chain mail of Bazy Cae {rF- rN+ Dex+3}
 37450 | Vaults:1 | Gained mutation: Your presence sometimes corrodes those you
                  | injure. [demonic ancestry]
 37450 | Vaults:1 | Reached XP level 19. HP: 136/157 MP: 31/31
 37545 | Vaults:1 | Found Niroin's Weapon Shop.
 38279 | Vaults:1 | Identified the +2 short sword of Cobwebs {speed, Will+
                  | Stlth+}
 38564 | Vaults:2 | Found Ugru's Antique Weapon Shoppe.
 38588 | Vaults:2 | Identified the serpent talisman "Soecaje" {Int+3}
 38588 | Vaults:2 | Noticed Aizul
 38593 | Vaults:2 | Paralysed by a sphinx for 5 turns
 38946 | Vaults:2 | Noticed Zenata
 38947 | Vaults:2 | Killed Zenata
 39155 | Vaults:2 | Killed Aizul
 39196 | Vaults:2 | Noticed Nikola
 39201 | Vaults:2 | Killed Nikola
 39483 | Vaults:2 | Noticed Donald
 39491 | Vaults:2 | Killed Donald
 39976 | Vaults:2 | Reached skill level 10 in Throwing
 40158 | Vaults:2 | Found a runed translucent gate.
 40158 | Vaults:2 | Found a runed translucent gate.
 40158 | Vaults:2 | Found a runed translucent gate.
 40158 | Vaults:2 | Noticed Ruxt's ghost (adept MiFi)
 40599 | Vaults:3 | Reached skill level 10 in Shields
 40918 | Vaults:3 | Found Niannad's Antique Armour Boutique.
 40925 | Vaults:3 | Bought a pair of glowing gloves for 150 gold pieces
 40975 | Vaults:3 | Reached XP level 20. HP: 145/166 MP: 32/32
 41737 | Vaults:3 | Found a staircase to the Crypt.
 42610 | Vaults:4 | Reached skill level 5 in Air Magic
 42743 | Vaults:4 | Identified the granite talisman of the Moon Troll {rC+
                  | Slay+3}
 43408 | Vaults:4 | Found a portal to a secret trove of treasure.
 43522 | Vaults:4 | Found a runed translucent gate.
 43522 | Vaults:4 | Found a runed translucent gate.
 43522 | Vaults:4 | Found an opulent altar of Gozag.
 43526 | Vaults:4 | Found a runed translucent gate.
 43527 | Vaults:4 | Found Kir Acra's Assorted Antiques.
 43527 | Vaults:4 | Found Fiat's Assorted Antiques.
 43527 | Vaults:4 | Noticed Yhagabbo's ghost (adept DrCj)
 43560 | Vaults:4 | Killed Yhagabbo's ghost
 43964 | Depths:1 | Entered Level 1 of the Depths
 43984 | Depths:1 | Found a huge runed translucent gate.
 43984 | Depths:1 | Found a huge runed translucent gate.
 43984 | Depths:1 | Found a huge runed translucent gate.
 43984 | Depths:1 | Found a huge runed translucent gate.
 43984 | Depths:1 | Found a huge runed translucent gate.
 43986 | Depths:1 | Found the +8 mithril axe "Arga" {speed, Will+}
 44055 | Depths:1 | Gained mutation: You are darkly shadowed, frequently
                  | releasing foul flame when damaged in melee. [demonic
                  | ancestry]
 44055 | Depths:1 | Reached XP level 21. HP: 161/174 MP: 33/33
 44102 | Depths:1 | Reached skill level 1 in Shapeshifting
 44486 | Depths:1 | Found a magical portal.
 44497 | WizLab   | Entered Doroklohe's Tomb
 44758 | WizLab   | Noticed an ancient lich
 44776 | WizLab   | Killed an ancient lich
 44998 | WizLab   | Identified the staff "Ohatz" {+Blink rN+ Str+2 Conj}
 45319 | Depths:1 | Found a gateway to Hell.
 45946 | Depths:1 | Found an ornate altar of the Wu Jian Council.
 46237 | Depths:2 | Noticed a golden dragon
 46429 | Depths:2 | Killed a golden dragon
 46555 | Depths:2 | Paralysed by a vampire knight for 3 turns
 46677 | Depths:2 | Identified the +1 chain mail of Nextoas {rElec rC+}
 46895 | Depths:2 | Found a one-way gate leading to the halls of Pandemonium.
 47138 | Depths:2 | Noticed a juggernaut
 47177 | Depths:2 | Killed a juggernaut
 47264 | Depths:2 | Identified the +4 halberd "Xoixken" {freeze, Dex+3}
 47363 | Depths:2 | Gained mutation: Your presence sometimes corrodes or
                  | deforms those you injure. [demonic ancestry]
 47363 | Depths:2 | Reached XP level 22. HP: 125/182 MP: 35/35
 47773 | Depths:2 | Reached skill level 15 in Evocations
 48146 | Depths:3 | Learned a level 1 spell: Apportation
 48285 | Depths:3 | Found a runed translucent gate.
 48285 | Depths:3 | Found a runed translucent gate.
 48285 | Depths:3 | Found a runed translucent gate.
 48286 | Depths:3 | Noticed Gumuy's ghost (adept MiHu)
 48365 | Depths:3 | Found a stormy altar of Qazlal.
 48491 | Depths:3 | Found a one-way gateway to a ziggurat.
 48825 | Depths:3 | Found a one-way gate to the infinite horrors of the Abyss.
 49186 | Depths:3 | Learned a level 3 spell: Swiftness
 49583 | Depths:3 | Reached skill level 5 in Shapeshifting
 49585 | Depths:3 | Killed Gumuy's ghost
 49658 | Depths:4 | Entered Level 4 of the Depths
 49905 | Depths:4 | Identified the ring of Ugyt {Ice +Blink Int+2}
 49905 | Depths:4 | Noticed Josephina
 49905 | Depths:4 | Killed Josephina
 49905 | Depths:4 | Found a gate to the Realm of Zot.
 49905 | Depths:4 | Noticed a golden dragon
 49943 | Depths:4 | Killed a golden dragon
 49984 | Depths:4 | Learned a level 4 spell: Maxwell's Portable Piledriver
 50673 | Depths:4 | Reached XP level 23. HP: 190/190 MP: 36/36
 50771 | Depths:4 | Reached skill level 10 in Translocations
 51291 | Depths:4 | Found Qetuecyj's Book Shop.
 51291 | Depths:4 | Found Fublucs's Jewellery Emporium.
 51292 | Depths:4 | Found Baoxub's Jewellery Emporium.
 51418 | Depths:4 | Learned a level 6 spell: Gell's Gavotte
 51660 | Elf:1    | Entered Level 1 of the Elven Halls
 51704 | Elf:1    | Found Wougig's Distillery.
 51714 | Elf:1    | Bought a potion of heal wounds for 70 gold pieces
 51714 | Elf:1    | Bought a potion of heal wounds for 70 gold pieces
 51844 | Elf:1    | Found a crumbling gateway.
 51883 | Desolati | Entered the Desolation of Salt
 51971 | Desolati | Reached skill level 15 in Dodging
 51982 | Desolati | Identified the ring of the Pharaoh's Fist {rPois rC- Str+6
                  | Dex+3 SInv}
 51989 | Desolati | Got the Grimoire of Arcane Combat
 51992 | Desolati | Got the Excursus on the Congealing Anticline
 51994 | Desolati | Got the Verses on Radiant Beguiling
 51997 | Desolati | Got the Spellbook of Protean Rime
 52131 | Desolati | Got the Precepts of Burnt Orientation
 52147 | Desolati | Identified the ring "Enelic" {rCorr SInv}
 52163 | Desolati | Identified the staff "Killer Klown's Death" {rF+ rC+ Int+3
                  | Conj}
 52458 | Desolati | Identified the +1 ring mail "Maiqoask" {rC- rN+ rCorr SInv}
 52460 | Desolati | Identified the +0 leather armour of Pride {rC+ Stlth+}
 52495 | Desolati | Identified the +11 mace "Bava" {venom, rPois Dex-4 SInv}
 52498 | Desolati | Got the Lectures on Snowy Abominable Spells
 52502 | Desolati | Got Roxanne's Directory of Metallic Concoctions
 53000 | Elf:1    | Reached skill level 5 in Spellcasting
 53166 | Elf:1    | Paralysed by an air elemental for 1 turns
 53428 | Elf:1    | Got the Papyrus of Hurting
 53840 | Elf:2    | Found Ygivan's Distillery.
 53858 | Elf:2    | Found Gauf Uro's Book Emporium.
 53876 | Elf:2    | Found Olutir's Book Shoppe.
 53989 | Elf:2    | Found a runed translucent gate.
 53989 | Elf:2    | Found a runed translucent gate.
 53989 | Elf:2    | Found a runed translucent gate.
 54412 | Elf:2    | Noticed Roxanne
 54429 | Elf:2    | Killed Roxanne
 55296 | Elf:3    | Entered Level 3 of the Elven Halls
 55319 | Elf:3    | Found Bahol's Antique Armour Emporium.
 55343 | Elf:3    | Reached XP level 24. HP: 160/197 MP: 28/37
 55370 | Elf:3    | Identified the amulet of Geschuot {Acrobat *Corrode rC++
                  | Will+++ Stlth+}
 55381 | Elf:3    | Identified the +10 spear "Cofijic" {flame, rElec Str+3}
 55413 | Elf:3    | Identified the +8 halberd of Nehych {flame, Will+}
 55413 | Elf:3    | Paralysed by an air elemental for 1 turns
 55451 | Elf:3    | Found the +0 pair of fencer's gloves {Riposte Dex+3}
 55511 | Elf:3    | Identified the +2 great sword of Zeufriro {vamp, Str+5}
 55660 | Elf:3    | Identified the +3 broad axe of Ru's Hope {venom, rN++ Str-5
                  | Int+8 Dex-5}
 55764 | Elf:3    | Got the Cyclopedia of the Beguiled Flock
 55904 | Elf:3    | Bought a pair of embroidered boots for 322 gold pieces
 55985 | Elf:3    | Identified the +4 sling "Bathir" {heavy, rElec MP+9 Str-4
                  | Stlth+}
 56615 | Elf:3    | Found a transporter.
 56633 | Elf:3    | Found a bloodstained altar of Trog.
 56639 | Elf:3    | Found a transporter.
 56640 | Elf:3    | Noticed Obbaitis's ghost (journeyman MiBe)
 57121 | Elf:3    | Killed Obbaitis's ghost
 57309 | Elf:1    | Bought a potion of haste for 140 gold pieces
 57309 | Elf:1    | Bought a potion of might for 56 gold pieces
 57365 | Elf:2    | Bought a book of Battle for 544 gold pieces
 57866 | D:15     | Bought the ring "Giag" {rC+ MP+9 Int+6} for 745 gold pieces
 58083 | Vaults:5 | Entered Level 5 of the Vaults
 58085 | Vaults:5 | Reached skill level 10 in Shapeshifting
 58113 | Vaults:5 | Noticed an ancient lich
 58121 | Vaults:5 | Killed an ancient lich
 58198 | Vaults:5 | Identified the amulet "Rickoxko" {Spirit rElec}
 58357 | Vaults:5 | Identified the +3 dire flail of Infinity {spect, rN+ SInv
                  | Stlth+}
 59171 | Vaults:5 | Gained mutation: You can speak a Word of Chaos. [demonic
                  | ancestry]
 59171 | Vaults:5 | Reached XP level 25. HP: 154/204 MP: 37/37
 59446 | Vaults:5 | Identified the +1 dagger of Intuition {flame, rN+ Stlth+}
 59632 | Vaults:5 | Found Wydd's Assorted Antiques.
 59638 | Vaults:5 | Bought a potion of might for 160 gold pieces
 60098 | Vaults:5 | Identified the ring of Diset {Fire Int+3}
 60426 | Vaults:5 | Identified the +9 quarterstaff of the Fray {pain, +Blink
                  | rElec rC+}
 60590 | Vaults:5 | Got a silver rune of Zot
 60969 | Slime:1  | Entered Level 1 of the Pits of Slime
 61196 | Slime:4  | Reached skill level 15 in Shields
 61306 | Slime:5  | Entered Level 5 of the Pits of Slime
 61347 | Slime:5  | Gained mutation: You sometimes lose your temper in combat.
                  | [a shining eye]
 61449 | Slime:5  | Noticed the Royal Jelly
 61450 | Slime:5  | Killed the Royal Jelly
 61576 | Slime:5  | Identified the ring "Ovixolug" {rN+ Str+6 Int-4 Dex+3 SInv}
 61579 | Slime:5  | Got a starry gem with 10 turns to spare
 61583 | Slime:5  | Got a slimy rune of Zot
 61603 | Slime:5  | Identified the +7 dagger of Indomitability {freeze, rN+
                  | Dex+5}
 61699 | Slime:5  | Identified the +7 sling of Xykhli Cusu {heavy, rF+ Int+7
                  | Dex+2 Stlth+}
 62249 | Vaults:4 | Bought a scroll of blinking for 307 gold pieces
 62249 | Vaults:4 | Bought a box of beasts for 1640 gold pieces
 62249 | Vaults:4 | Bought a scroll of teleportation for 123 gold pieces
 62577 | Depths:3 | Voluntarily entered the Abyss.
 62584 | Abyss:1  | Found a corrupted altar of Lugonu.
 62850 | Abyss:3  | Found a corrupted altar of Lugonu.
 62906 | Abyss:4  | Found a corrupted altar of Lugonu.
 63016 | Abyss:4  | Got an abyssal rune of Zot
 63069 | Depths:3 | Escaped the Abyss
 63392 | Vaults:4 | You showed the abyssal rune of Zot to enter a treasure
                  | trove
 63393 | Trove    | Entered a treasure trove
 63573 | Crypt:1  | Entered Level 1 of the Crypt
 63865 | Crypt:1  | Lost mutation: You sometimes lose your temper in combat.
                  | [potion of mutation]
 63865 | Crypt:1  | Gained mutation: You have hidden genetic potential. [potion
                  | of mutation]
 63865 | Crypt:1  | Gained mutation: Your movements are slightly less
                  | encumbered by armour. (ER -2) [potion of mutation]
 63865 | Crypt:1  | Gained mutation: Your movements are less encumbered by
                  | armour. (ER -4) [potion of mutation]
 63941 | Crypt:1  | Found an ancient bone altar of Kikubaaqudgha.
 63954 | Crypt:1  | Identified the ring "Yghuhitu" {rElec rF+ SInv}
 64071 | Crypt:1  | Reached XP level 26. HP: 211/211 MP: 38/38
 64147 | Crypt:1  | Reached skill level 15 in Shapeshifting
 64153 | Crypt:1  | Noticed Margery
 64160 | Crypt:1  | Killed Margery
 64677 | Crypt:2  | Reached skill level 15 in Translocations
 64733 | Crypt:2  | Noticed Khufu
 64739 | Crypt:2  | Noticed a royal mummy
 64744 | Crypt:2  | Killed Khufu
 64750 | Crypt:2  | Killed a royal mummy
 65597 | Crypt:3  | Entered Level 3 of the Crypt
 65686 | Crypt:3  | Found an ancient bone altar of Kikubaaqudgha.
 66108 | Crypt:3  | Paralysed by a vampire knight for 4 turns
 66209 | Crypt:3  | Noticed Jory
 66220 | Crypt:3  | Killed Jory
 66288 | Crypt:3  | Found a basalt altar of Yredelemnul.
 66685 | Crypt:3  | Gained mutation: You have sharp toenails. [hidden
                  | potential]
 66706 | Crypt:3  | Got the Compendium of Last Rites
 66831 | Crypt:3  | Found a staircase to the Tomb.
 66850 | Crypt:3  | Learned a level 7 spell: Manifold Assault
 67231 | Zot:1    | Entered Level 1 of the Realm of Zot
 67514 | Zot:1    | Gained mutation: You are completely covered in slimy green
                  | scales. (AC +4, rPois) [demonic ancestry]
 67514 | Zot:1    | Reached XP level 27. HP: 217/217 MP: 31/38
 68702 | Zot:2    | Found a runed translucent gate.
 68726 | Zot:2    | Found a runed translucent gate.
 68736 | Zot:2    | Found a runed translucent gate.
 68742 | Zot:2    | Noticed Wurghat's ghost (master TrSh)
 69155 | Zot:2    | Killed Wurghat's ghost
 69267 | Zot:3    | Noticed an orb of fire
 69272 | Zot:3    | Killed an orb of fire
 69409 | Zot:3    | Found a transporter.
 69691 | Zot:3    | Found a transporter.
 70178 | Zot:3    | You fall into a shaft and drop 1 floor!
 70185 | Zot:4    | Gained mutation: Your movements are significantly less
                  | encumbered by armour. (ER -6) [hidden potential]
 70185 | Zot:4    | Lost mutation: You have hidden genetic potential. [hidden
                  | potential expressed]
 70371 | Zot:3    | Gained mutation: Armour fits poorly on your strangely
                  | shaped body. [a cacodemon]
 70378 | Zot:3    | Noticed an orb of fire
 70389 | Zot:3    | Killed an orb of fire
 70554 | Zot:3    | Identified the ring "Hugoump" {Will++ Dex+6 SInv}
 70559 | Zot:3    | Identified the ring "Xamohum" {^Contam rElec rPois rC+}
 71791 | Zot:4    | Learned a level 2 spell: Blink
 71925 | Depths:4 | Lost mutation: Armour fits poorly on your strangely shaped
                  | body. [potion of mutation]
 71925 | Depths:4 | Lost mutation: You have sharp toenails. [potion of
                  | mutation]
 71925 | Depths:4 | Gained mutation: Your flesh is heat resistant. (rF+)
                  | [potion of mutation]
 72033 | Hell     | Entered the Vestibule of Hell
 72033 | Hell     | Noticed Geryon
 72047 | Hell     | Killed Geryon
 72316 | Hell     | Found a gateway to the ashen valley of Gehenna.
 72401 | Hell     | Found a gateway to the Iron City of Dis.
 72528 | Hell     | Found a gateway to the decaying netherworld of Tartarus.
 72544 | Tar:1    | Entered Level 1 of Tartarus
 73080 | Tar:3    | Noticed a dread lich
 73091 | Tar:3    | Killed a dread lich
 74083 | Tar:7    | Entered Level 7 of Tartarus
 74585 | Tar:7    | Noticed Ereshkigal
 74590 | Tar:7    | Killed Ereshkigal
 74641 | Tar:7    | Got a bone rune of Zot
 74647 | Tar:7    | Got Suqo's Tome of Frozen Dislocation
 74649 | Tar:7    | Identified the +1 trident of Foaf {speed, Dex+2}
 74669 | Tar:7    | Learned a level 6 spell: Dispersal
 74815 | Tar:7    | Identified the +0 robe of the Swan {rC+ Dex+2 Stlth+}
 74990 | Geh:1    | Entered Level 1 of Gehenna
 75187 | Geh:1    | You are sucked into a shaft and drop 1 floor!
 75283 | Geh:4    | Upgraded the game from 0.32-a0-872-g59262bdc9b to
                  | 0.32-a0-876-gcfddb08e57
 75305 | Geh:4    | Reached skill level 10 in Armour
 75499 | Geh:7    | Entered Level 7 of Gehenna
 75861 | Geh:7    | Found the +13 sceptre of Asmodeus
 75861 | Geh:7    | Noticed Asmodeus
 75863 | Geh:7    | Killed Asmodeus
 75942 | Geh:7    | Got an obsidian rune of Zot
 76137 | Dis:1    | Entered Level 1 of the Iron City of Dis
 76361 | Hell     | Found a gateway to the freezing wastes of Cocytus.
 76371 | Coc:1    | Entered Level 1 of Cocytus
 76381 | Coc:1    | Paralysed by a wendigo for 1 turns
 76577 | Coc:3    | Paralysed by a wendigo for 1 turns
 76620 | Coc:4    | Paralysed by a wendigo for 1 turns
 76971 | Coc:7    | Entered Level 7 of Cocytus
 76978 | Coc:7    | Paralysed by a wendigo for 1 turns
 76986 | Coc:7    | Paralysed by a wendigo for 1 turns
 77076 | Coc:7    | Reached skill level 27 in Invocations
 77092 | Coc:7    | Noticed the Serpent of Hell
 77094 | Coc:7    | Killed the Serpent of Hell
 77102 | Coc:7    | Paralysed by a wendigo for 1 turns
 77111 | Coc:7    | Paralysed by a wendigo for 1 turns
 77613 | Coc:7    | Identified the ring of Aqigoe {Ice Will+ rCorr Str-5 SInv}
 77613 | Coc:7    | Noticed Antaeus
 77617 | Coc:7    | Killed Antaeus
 77639 | Coc:7    | Got an icy rune of Zot
 77648 | Coc:7    | Identified the +5 dagger of Indignation {flame, rC- rCorr
                  | Dex+4}
 77771 | Coc:7    | Identified the +6 great sword of the Dark Horse {protect,
                  | rN+ Int-4 Dex+2}
 77887 | Dis:2    | Noticed a juggernaut
 77887 | Dis:2    | Noticed a juggernaut
 77891 | Dis:2    | Killed a juggernaut
 77904 | Dis:2    | Killed a juggernaut
 78701 | Dis:6    | Noticed a juggernaut
 78709 | Dis:6    | Noticed a juggernaut
 78710 | Dis:6    | Noticed a juggernaut
 78713 | Dis:6    | Killed a juggernaut
 78719 | Dis:6    | Killed a juggernaut
 78720 | Dis:6    | Noticed a juggernaut
 78721 | Dis:6    | Killed a juggernaut
 78737 | Dis:6    | Killed a juggernaut
 78966 | Dis:7    | Entered Level 7 of the Iron City of Dis
 79898 | Dis:7    | Noticed a juggernaut
 79901 | Dis:7    | Reached skill level 15 in Armour
 79906 | Dis:7    | Killed a juggernaut
 79923 | Dis:7    | Noticed a juggernaut
 79931 | Dis:7    | Killed a juggernaut
 79951 | Dis:7    | Noticed a juggernaut
 79965 | Dis:7    | Killed a juggernaut
 79972 | Dis:7    | Noticed Dispater
 79978 | Dis:7    | Killed Dispater
 79999 | Dis:7    | Identified the +5 shortbow of the Lurker {heavy, Will+
                  | Dex+4}
 80003 | Dis:7    | Got an iron rune of Zot
 80004 | Dis:7    | Identified the +5 sling of Fiev {drain, rF+ Str-3 Stlth+}
 80006 | Dis:7    | Identified the staff "Kasyi" {rF+ rN+ Fire}
 80008 | Dis:7    | Identified the staff "Apnomu" {rN+ Str-4 Int+2 Necro Earth}
 80480 | Pan      | Entered Pandemonium
 80560 | Pan      | Identified the +2 sling of the Unliving {elec, *Slow Str+3
                  | Int+7}
 80582 | Pan      | Got the Omnibus of Destiny and the Winter
 80778 | Pan      | Noticed Bigaoh the pandemonium lord
 80782 | Pan      | Killed Bigaoh the pandemonium lord
 80798 | Pan      | Noticed Mennas
 80813 | Pan      | Killed Mennas
 80853 | Pan      | Reached skill level 10 in Stealth
 80876 | Pan      | Noticed Loduc the pandemonium lord
 80888 | Pan      | Killed Loduc the pandemonium lord
 80941 | Pan      | Noticed Suohetet the pandemonium lord
 80946 | Pan      | Killed Suohetet the pandemonium lord
 81054 | Pan      | Found an exit through the horrors of the Abyss.
 81132 | Pan      | Noticed Ycza the pandemonium lord
 81135 | Pan      | Killed Ycza the pandemonium lord
 81178 | Pan      | Entered the realm of Cerebov.
 81431 | Pan      | Found the +6 sword of Cerebov {flame}
 81431 | Pan      | Noticed Cerebov
 81437 | Pan      | Killed Cerebov
 81458 | Pan      | Got a fiery rune of Zot
 81485 | Pan      | Identified the amulet of Butchery {rC+ RegenMP+ Str-5
                  | Int+6}
 81933 | Pan      | Noticed Ywiag the pandemonium lord
 81943 | Pan      | Killed Ywiag the pandemonium lord
 81972 | Pan      | Noticed Idghyocoito the pandemonium lord
 81974 | Pan      | Killed Idghyocoito the pandemonium lord
 81997 | Pan      | Got a demonic rune of Zot
 82001 | Pan      | Entered the realm of Lom Lobon.
 82260 | Pan      | Noticed Lom Lobon
 82279 | Pan      | Killed Lom Lobon
 82286 | Pan      | Got a magical rune of Zot
 82442 | Pan      | Noticed Vibuowk the pandemonium lord
 82442 | Pan      | Found a runed translucent door.
 82446 | Pan      | Killed Vibuowk the pandemonium lord
 82649 | Pan      | Entered the realm of Gloorx Vloq.
 82688 | Pan      | Noticed Gloorx Vloq
 82690 | Pan      | Killed Gloorx Vloq
 82699 | Pan      | Got a dark rune of Zot
 82867 | Pan      | Found an exit through the horrors of the Abyss.
 82902 | Pan      | Entered the realm of Mnoleg.
 82939 | Pan      | Noticed Mnoleg
 82945 | Pan      | Killed Mnoleg
 83112 | Pan      | Reached skill level 27 in Fighting
 83261 | Pan      | Got a glowing rune of Zot
 83358 | Pan      | Noticed Ignacio
 83362 | Pan      | Killed Ignacio
 83380 | Pan      | Found an exit through the horrors of the Abyss.
 83387 | Pan      | Took an exit into the Abyss.
 83387 | Abyss:4  | Escaped into the Abyss
 83393 | Abyss:4  | Found a corrupted altar of Lugonu.
 83512 | Depths:2 | Escaped the Abyss
 83844 | Tomb:1   | Entered Level 1 of the Tomb of the Ancients
 84009 | Tomb:1   | Noticed a royal mummy
 84011 | Tomb:1   | Noticed a royal mummy
 84019 | Tomb:1   | Killed a royal mummy
 84020 | Tomb:1   | Killed a royal mummy
 84163 | Tomb:2   | Noticed a royal mummy
 84163 | Tomb:2   | Noticed a royal mummy
 84163 | Tomb:2   | Noticed a royal mummy
 84166 | Tomb:2   | Noticed a royal mummy
 84184 | Tomb:2   | Killed a royal mummy
 84187 | Tomb:2   | Killed a royal mummy
 84194 | Tomb:2   | Killed a royal mummy
 84200 | Tomb:2   | Killed a royal mummy
 84415 | Tomb:3   | Entered Level 3 of the Tomb of the Ancients
 84429 | Tomb:3   | Noticed a royal mummy
 84429 | Tomb:3   | Noticed a royal mummy
 84432 | Tomb:3   | Noticed a royal mummy
 84438 | Tomb:3   | Killed a royal mummy
 84442 | Tomb:3   | Killed a royal mummy
 84443 | Tomb:3   | Noticed a royal mummy
 84445 | Tomb:3   | Noticed a royal mummy
 84446 | Tomb:3   | Killed a royal mummy
 84449 | Tomb:3   | Noticed a royal mummy
 84451 | Tomb:3   | Killed a royal mummy
 84452 | Tomb:3   | Noticed a royal mummy
 84456 | Tomb:3   | Killed a royal mummy
 84456 | Tomb:3   | Killed a royal mummy
 84457 | Tomb:3   | Killed a royal mummy
 84459 | Tomb:3   | Noticed a royal mummy
 84461 | Tomb:3   | Noticed a royal mummy
 84469 | Tomb:3   | Killed a royal mummy
 84479 | Tomb:3   | Killed a royal mummy
 84590 | Tomb:3   | Found the +7 Spriggan's Knife {stab, EV+4 Stlth+}
 84590 | Tomb:3   | Found the macabre finger necklace {Finger+ rN+}
 84607 | Tomb:3   | Identified the amulet of Bisy {+Blink Will+ Regen+ rCorr
                  | Int+3 Dex-4}
 84612 | Tomb:3   | Identified the quicksilver dragon scales "Miptealosk"
                  | {Rampage Will+ Regen+}
 84617 | Tomb:3   | Identified the +4 chain mail "Yvvoakoc" {+Blink rN+ Int+2}
 84708 | Tomb:3   | Got a sanguine gem with 857 turns to spare
 84710 | Tomb:3   | Got a golden rune of Zot
 85376 | Zot:5    | Entered Level 5 of the Realm of Zot
 85381 | Zot:5    | Identified the ring "Quvvakeu" {Str+4 Dex+6}
 85544 | Zot:5    | Noticed an orb of fire
 85565 | Zot:5    | Killed an orb of fire
 85597 | Zot:5    | Noticed an orb of fire
 85615 | Zot:5    | Killed an orb of fire
 85644 | Zot:5    | Noticed an ancient lich
 85658 | Zot:5    | Killed an ancient lich
 85708 | Zot:5    | Noticed an orb of fire
 85714 | Zot:5    | Killed an orb of fire
 85719 | Zot:5    | Noticed an orb of fire
 85722 | Zot:5    | Noticed an ancient lich
 85732 | Zot:5    | Killed an ancient lich
 85738 | Zot:5    | Noticed a dread lich
 85739 | Zot:5    | Noticed an ancient lich
 85746 | Zot:5    | Killed an orb of fire
 85754 | Zot:5    | Killed a dread lich
 85754 | Zot:5    | Noticed an orb of fire
 85766 | Zot:5    | Killed an ancient lich
 85768 | Zot:5    | Killed an orb of fire
 85789 | Zot:5    | Noticed an orb of fire
 85793 | Zot:5    | Killed an orb of fire
 86026 | Zot:5    | Got the Orb of Zot
 86349 | D:15     | Noticed Biog Tic the pandemonium lord
 86375 | D:15     | Killed Biog Tic the pandemonium lord
 86719 | D:$      | Escaped with the Orb!

Illustrated notes

Levels and vault maps discovered:
D:1:      giann_wishing_wells, layout_loops_ring, serial_forest,
          infiniplex_forest_lined_room_2, infiniplex_forest_lined_room_2,
          infiniplex_forest_clump_large, infiniplex_forest_straight_1,
          infiniplex_forest_lined_3, infiniplex_forest_clump_curved,
          ebering_ecumenical_altar_webs
D:2:      layout_loops_corners, minmay_misc_feat_doors, uniq_terence
D:3:      layout_basic, mainiacjoe_overflow_surrounded_room
D:4:      layout_basic, uniq_sigmund
D:5:      layout_cave_pools, fedhas_altar_2,
          mainiacjoe_overflow_concentric_impassable
D:6:      layout_basic, hellmonk_okawaru_the_only_friend_you_need,
          minmay_temple_entry_waves
D:7:      layout_basic, mainiacjoe_overflow_tiny_flanked,
          grunt_temple_overflow_open, hellmonk_guarded_unrand_hermit
D:8:      layout_basic, minmay_joined_circles
D:9:      layout_roguey, tgw_kikubaaqudgha, serial_shops, kennysheep_little_box,
          nicolae_shop_tiny_waterfront, shop, nicolae_shop_waterfront
D:10:     layout_long_grid, mainiacjoe_overflow_catwalk, david_lair_shrubbed,
          uniq_joseph, uniq_erica, uniq_lodul
D:11:     layout_cross
D:12:     layout_grid_maze, david_orc_3, bloody_makhleb
D:13:     layout_stronghold, david_vaults_3, uniq_snorg
D:14:     layout_rooms, vehumet_crystals
D:15:     grunt_enter_depths_hoard, layout_basic, hangedman_decor_cross_pass,
          nicolae_specific_store, dk_noncrumbling_3
Temple:   dpeg_chambers_temple
Lair:1:   layout_concentric_octagons, nicolae_volcano_entry_vermiform,
          serial_bayou_shore_a, uniq_jeremiah, uniq_grum, uniq_fannar
Lair:2:   nzn_winding_woodlands_three_and_one
          [nzn_winding_woodlands_5x15_river_crossing,
          nzn_winding_woodlands_5x15_crooked, nzn_winding_woodlands_5x15_cabin,
          nzn_winding_woodlands_center_lodge], layout_cave_pods,
          beast_lair_carwin_8, uniq_prince_ribbit2, uniq_nergalle
Lair:3:   layout_regular_city, minmay_shoals_entry_centaurs,
          nicolae_snake_entry_warm_welcome, dpeg_oklob_1,
          infiniplex_staircase_pool_2
Lair:4:   layout_small_grid, slime_entry_1, grunt_forest_large_clearings
Lair:5:   cheibrodos_lair_end_hotspot, layout_regular_city, basic_altar,
          st_stairs_6, nicolae_lair_run_with_the_wolves
Shoals:1: layout_shoals, serial_shops, shop, nicolae_square_shop,
          nicolae_shop_scrapyard
Shoals:2: layout_shoals, serial_shops, nicolae_shop_getting_attention,
          nicolae_shoals_the_drawing_of_the_three
Shoals:3: layout_shoals
Shoals:4: shoals_end_hellmonk_storm_palace [storm_palace_center_square,
          storm_palace_corner_grid, storm_palace_corner_narrow,
          storm_palace_corner_reverse_hut, storm_palace_corner_altar]
Snake:1:  layout_layer_cave, basic_altar, serial_shops,
          nicolae_shop_tiny_real_fake_doors, serial_bayou_shore_b
Snake:2:  layout_onion, basic_altar, nicolae_snake_single_loop,
          grunt_megastairs_3, minmay_shoptagon
Snake:3:  cheibrodos_snake_ritualist_ritual, layout_misc_corridors
Snake:4:  grunt_snake_rune_spirals, layout_onion_interference,
          nicolae_snake_dead_anacondas, uniq_vashnia, uniq_louise
Slime:1:  layout_caves
Slime:2:  layout_caves
Slime:3:  layout_caves
Slime:4:  layout_caves
Slime:5:  slime_pit_nicolae_block_by_block
Orc:1:    layout_caves, basic_altar
Orc:2:    st_orc_rangers, layout_diamond_mine, serial_shops,
          nicolae_shop_bloodbath_and_beyond, biasface_ghost_orc_armoury,
          uniq_rupert
Elf:1:    layout_geoelf_grid, portal_desolation_entry_twin_temple, serial_shops,
          shop, minmay_elf_annihilation
Elf:2:    elven_hall_of_blades_hangedman_original [mumra_blade_entry_bloodbath],
          layout_onion_city, serial_shops, nicolae_shop_back_alley_shop, shop,
          nicolae_shop_waterfront, nicolae_elf_martial_mastery, uniq_roxanne
Elf:3:    grunt_elf_hall_spiral, layout_gridlike,
          gammafunk_ghost_wrathful_warriors, serial_shops, shop
Vaults:1: nicolae_vaults_oval_intersection, nicolae_vaults_little_squares_6,
          regret_index_early_branch_jog, hangedman_vaults_slice,
          vaults_mumra_minichess, dpeg_vaults_monster_row,
          hangedman_vaults_variations, ontoclasm_vaults_pinch, v_misc_18,
          grunt_vaults_diagonal, vaults_dpeg_diagonal, hangedman_vaults_trim,
          nicolae_vaults_diamond_2, layout_vaults_omnibox, serial_shops, shop,
          uniq_saint_roka
Vaults:2: ebering_ghost_rock_garden, nicolae_vaults_doubleplus_tesselated,
          nicolae_vaults_tangram_1, nicolae_vaults_apartment_1,
          nicolae_vaults_tangram_1, layout_vaults_chaotic_city, serial_shops,
          nicolae_shop_peninsula, uniq_aizul, uniq_donald, uniq_zenata,
          uniq_nikola
Vaults:3: nicolae_vaults_trapezoid_1, nicolae_vaults_tetromino_L_2,
          vaults_room_corners, vaults_standard_mumra_x, vaults_dpeg_ring,
          v_alt_pattern_5, vaults_room_fours, v_misc_25,
          nicolae_vaults_tetromino_T_2, vaults_mumra_chevron_long,
          layout_vaults_omnigrid, serial_shops,
          nicolae_shop_pleasant_corner_grove
Vaults:4: ebering_ghost_gozag, nicolae_vaults_trapezoid_1, v_alt_pattern_4,
          nicolae_vaults_tangram_2, nicolae_vaults_closet_pinwheel_5,
          nicolae_vaults_closet_pinwheel_4, vaults_room_glass_cross,
          nicolae_vaults_spaceships, v_pattern_3,
          nicolae_vaults_windows_and_doors_thing,
          nicolae_vaults_more_shelving_1, vaults_room_pool,
          layout_vaults_big_cross, enter_trove_0
Vaults:5
Crypt:1:  lemuel_vampire_tower, layout_gridlike, nicolae_crypt_skeletal_stairs,
          uniq_margery
Crypt:2:  layout_basic, st_stairs_1, grunt_ministairs_7, uniq_khufu
Crypt:3:  church_of_pain_bobbens, layout_chaotic_city,
          nicolae_tomb_entry_rubble_hallway, basic_altar
Tomb:1
Tomb:2
Tomb:3
Depths:1: layout_cave_shapes, mu_enter_wizlab_6, lemuel_coloured_pillars_altar,
          lightli_too_deep, drop_trap, orjb1_guarded_unrand_arga
Depths:2: hangedman_pleasuredromes, pan_entry, hell_entry
Depths:3: kb_forest_paths, layout_honeycomb, enter_ziggurat_f,
          abyss_entry_crystal, gammafunk_ghost_split, grunt_qazlal_clouds,
          hell_entry, minmay_liquid_box, infiniplex_staircase_zigzag_3
Depths:4: grunt_zot_entry_funnels, layout_gridlike,
          pf_vacation_house_of_asmodeus, serial_glass, glass_columns_c,
          glass_columns_a, item_on_display_a, due_unseen_surprise,
          minmay_strange_pillars, minmay_strange_pillars, grunt_ministairs_5,
          minmay_shop_grove, uniq_josephina
Hell
Dis:1:    layout_gridville
Dis:2:    layout_jigsaw, nicolae_dis_step_into_the_octagon
Dis:3:    layout_gridville
Dis:4:    layout_regular_city
Dis:5:    layout_overlapping_boxes
Dis:6:    nicolae_hells_titanomachy
Dis:7:    dis_grunt_layers
Geh:1:    layout_gehenna_pools_box, nicolae_geh_single_fiery_grave
Geh:2:    layout_gehenna_pools_basic
Geh:3:    layout_gehenna_lava_caves
Geh:4:    layout_gehenna_pools_triple
Geh:5:    layout_gehenna_pools_box
Geh:6:    layout_gehenna_lava_caves
Geh:7:    geh_old
Coc:1:    layout_cocytus_delve
Coc:2:    layout_cocytus_delve
Coc:3:    layout_cocytus_delve, nicolae_hells_seeping_fissure
Coc:4:    layout_cocytus_water_paths
Coc:5:    layout_cocytus_water_paths
Coc:6:    layout_ice_bergs
Coc:7:    coc_grunt_cove [coc_grunt_cove_antaeus, coc_grunt_cove_fiend,
          coc_grunt_cove_fiend, coc_grunt_cove_fiend, coc_grunt_cove_fiend]
Tar:1:    layout_catacombs, nicolae_tar_grid_combs
Tar:2:    layout_honeycomb
Tar:3:    layout_grid_maze, lemuel_nasty_pond
Tar:4:    layout_grid_maze
Tar:5:    layout_catacombs
Tar:6:    layout_catacombs
Tar:7:    tar_minmay_river
Zot:1:    layout_concentric_octagons, regret_index_zotdec_onion_hex
Zot:2:    layout_misc_corridors, gammafunk_ghost_split, hangedman_zot_gyre
Zot:3:    gammafunk_dig_for_victory, layout_gridville,
          hangedman_zot_decor_slant, grunt_ministairs_14
Zot:4:    circus_mu, layout_onion_interference, skrybe_zot_glass_3
Zot:5:    layout_misc_corridors

Skill      XL: |  1  2  3  4  5  6  7  8  9 10 11 12 13 14 15 16 17 18 19 20 21 22 23 24 25 26 27 |
---------------+----------------------------------------------------------------------------------+-----
Axes           | 2 |  2.0
Armour         | 3 4 5 6 7 8 18 | 18.1
Shields        | 3 4 5 6 7 9 10 11 12 13 14 15 18 | 18.1
Long Blades    | 1 2 3 5 7 9 10 11 12 13 14 15 16 | 16.0
Fighting       | 4 5 6 7 8 9 10 11 12 13 14 15 16 17 18 27 | 27.0
Dodging        | 1 2 3 4 5 6 7 8 9 10 11 12 13 14 15 24 | 24.2
Invocations    | 2 5 7 9 10 11 12 14 15 16 17 18 19 20 21 22 27 | 27.0
Evocations     | 1 4 5 6 8 10 11 12 13 14 15 19 | 19.0
Stealth        | 2 4 6 7 8 10 | 10.0
Throwing       | 3 5 7 8 9 10 11 12 13 14 | 14.0
Translocations | 3 4 5 6 7 8 9 11 12 14 18 21 | 21.0
Spellcasting   | 2 4 5 9 |  9.0
Air Magic      | 2 4 5 7 8 |  8.0
Shapeshifting  | 3 5 8 11 14 17 23 | 23.0

Action                     |  1- 3 |  4- 6 |  7- 9 | 10-12 | 13-15 | 16-18 | 19-21 | 22-24 | 25-27 || total
---------------------------+-------+-------+-------+-------+-------+-------+-------+-------+-------++-------
  Melee: War axe           |   124 |   126 |       |       |       |       |       |       |       ||   250
         Short sword       |       |     7 |       |       |       |       |       |       |       ||     7
         Long sword        |       |    30 |     5 |       |       |       |       |       |       ||    35
         Scimitar          |       |       |   349 |   453 |  1224 |   219 |       |       |       ||  2245
         Tailslap          |       |       |       |    86 |   228 |   256 |   468 |   376 |  1162 ||  2576
         Demon blade       |       |       |       |       |       |   953 |  1747 |  1462 |  4875 ||  9037
         Kick              |       |       |       |       |       |       |       |       |   117 ||   117
  Throw: Javelin           |       |     3 |     3 |     5 |     6 |     3 |    31 |    36 |    40 ||   127
         Boomerang         |       |       |       |       |   132 |   111 |   134 |   352 |   263 ||   992
         Dart              |       |       |       |       |     3 |       |     1 |       |     3 ||     7
   Cast: Vhi's Electric Ch |       |       |       |       |       |       |       |   107 |   220 ||   327
         Lesser Beckoning  |       |       |       |       |       |       |       |     7 |    12 ||    19
         Maxwell's Portabl |       |       |       |       |       |       |       |     1 |     1 ||     2
         Passage of Golubr |       |       |       |       |       |       |       |     1 |     1 ||     2
         Apportation       |       |       |       |       |       |       |       |       |    12 ||    12
         Gell's Gavotte    |       |       |       |       |       |       |       |       |     7 ||     7
         Manifold Assault  |       |       |       |       |       |       |       |       |   275 ||   275
         Blink             |       |       |       |       |       |       |       |       |     2 ||     2
 Invoke: Stomp             |       |       |     1 |     6 |     3 |     2 |    14 |    11 |     7 ||    44
         Grand Finale      |       |       |       |     3 |     4 |    14 |    16 |    17 |    42 ||    96
         Line Pass         |       |       |       |       |     1 |     4 |     5 |       |     6 ||    16
Ability: Siphon Essence    |       |       |       |       |       |       |       |       |     1 ||     1
         Begin Untransform |       |       |       |       |       |       |       |       |     1 ||     1
  Evoke: Wand              |       |       |       |     2 |     3 |    12 |     8 |     9 |    51 ||    85
         Gell's gravitambo |       |       |       |       |       |     3 |       |       |     2 ||     5
         Lightning rod     |       |       |       |       |       |    10 |     3 |     5 |       ||    18
         Tin of tremorston |       |       |       |       |       |     2 |     5 |     6 |    17 ||    30
         Horn of Geryon    |       |       |       |       |       |       |       |       |     2 ||     2
         Box of beasts     |       |       |       |       |       |       |       |       |     1 ||     1
    Use: Scroll            |       |     6 |     4 |     5 |     9 |    12 |     6 |    12 |    35 ||    89
         Potion            |       |     2 |       |     4 |     6 |     3 |    11 |     6 |     6 ||    38
   Stab: Paralysed         |       |       |    15 |    55 |   132 |   157 |   243 |   193 |   471 ||  1266
         Petrified         |       |       |       |     3 |       |       |       |       |       ||     3
         Sleeping          |       |       |       |       |    21 |    21 |    17 |    11 |    27 ||    97
         Distracted        |       |       |       |       |     1 |     5 |     4 |     3 |    10 ||    23
         Confused          |       |       |       |       |       |       |     2 |       |     1 ||     3
         Invisible         |       |       |       |       |       |       |       |     9 |       ||     9
 Armour: Scale mail        |    97 |   110 |   183 |   117 |   599 |   329 |       |       |       ||  1435
         Chain mail        |       |       |       |   122 |       |       |       |       |       ||   122
         Skin              |       |       |       |     9 |       |       |       |       |   652 ||   661
         Quicksilver drago |       |       |       |       |       |   329 |   529 |   450 |   126 ||  1434
         Fire dragon scale |       |       |       |       |       |       |       |       |  1108 ||  1108
  Dodge: Dodged            |    57 |    93 |   293 |   326 |  1008 |   810 |   820 |   588 |  2464 ||  6459
  Block: Buckler           |    31 |    39 |   107 |   106 |   335 |    95 |       |       |       ||   713
         Kite shield       |       |       |       |       |       |   473 |  1012 |   847 |  3661 ||  5993
Riposte: Demon blade       |       |       |       |       |       |       |       |    52 |  1087 ||  1139
   Form: Statue            |       |       |       |       |       |       |       |       |     1 ||     1
         Death             |       |       |       |       |       |       |       |       |     2 ||     2

Table legend: (Time is in decaauts)
 A = Elapsed time spent in this place.
 B = Non-inter-level travel time spent in this place.
 C = Inter-level travel time spent in this place.
 D = Time resting spent in this place.
 E = Time spent auto-exploring this place.
 F = Levels seen in this place.
 G = Mean time per level.
                   A        B        C        D        E       F      G
               +--------+--------+--------+--------+--------+-----+--------+
         Total |  90278 |  80140 |  10138 |   3493 |  47095 | 114 |  791.9 |
       Dungeon |  17515 |  14771 |   2744 |    935 |   9970 |  15 | 1167.7 |
        Temple |     54 |      1 |     53 |      0 |      0 |   1 |   54.0 |
          Lair |   8177 |   6572 |   1605 |    214 |   4349 |   5 | 1635.4 |
        Shoals |   3858 |   3686 |    172 |      9 |   2592 |   4 |  964.5 |
     Snake Pit |   6696 |   6406 |    290 |    675 |   3802 |   4 | 1674.0 |
    Slime Pits |    902 |    836 |     66 |     84 |    252 |   5 |  180.4 |
  Orcish Mines |   2456 |   2109 |    347 |     27 |   1346 |   2 | 1228.0 |
   Elven Halls |   4708 |   4375 |    333 |      0 |   3020 |   3 | 1569.3 |
        Vaults |  10590 |   8868 |   1722 |    274 |   5802 |   5 | 2118.0 |
         Crypt |   5142 |   4890 |    252 |      0 |   3493 |   3 | 1714.0 |
          Tomb |   1131 |   1068 |     63 |     12 |    235 |   3 |  377.0 |
        Depths |   7654 |   6494 |   1160 |      7 |   4177 |   4 | 1913.5 |
          Hell |    797 |    726 |     71 |    134 |    241 |   1 |  797.0 |
           Dis |   2571 |   2489 |     82 |    616 |    510 |   7 |  367.3 |
       Gehenna |   1081 |   1018 |     63 |     15 |    116 |   7 |  154.4 |
       Cocytus |   1466 |   1433 |     33 |    198 |    171 |   7 |  209.4 |
      Tartarus |   2387 |   2165 |    222 |      0 |   1172 |   7 |  341.0 |
           Zot |   7878 |   7025 |    853 |     86 |   5044 |   5 | 1575.6 |
         Abyss |    623 |    623 |      0 |      0 |     48 |   5 |  124.6 |
   Pandemonium |   2879 |   2879 |      0 |    107 |    127 |  17 |  169.4 |
         Trove |     45 |     45 |      0 |      0 |     25 |   1 |   45.0 |
       Volcano |    248 |    248 |      0 |     16 |     25 |   1 |  248.0 |
        Wizlab |    612 |    612 |      0 |     83 |    165 |   1 |  612.0 |
    Desolation |    797 |    797 |      0 |      0 |    411 |   1 |  797.0 |
               +--------+--------+--------+--------+--------+-----+--------+

Top non-repeatable levels by time:
Vaults:5: 2549 daAuts
  Lair:2: 2291 daAuts
Depths:4: 2194 daAuts
 Snake:4: 2144 daAuts
Vaults:2: 2098 daAuts
Vaults:1: 2078 daAuts
Depths:2: 2067 daAuts
   Orc:2: 2046 daAuts
Vaults:4: 2017 daAuts
 Crypt:3: 1968 daAuts
    D:15: 1946 daAuts
   Zot:1: 1921 daAuts
   Zot:3: 1918 daAuts
   Elf:3: 1896 daAuts
  Lair:5: 1871 daAuts
